 Dungeon Crawl Stone Soup version 0.28-a0-957-g42eb19b844 (webtiles) character file.

Game seed: 15570128690110955136

200 night the Ducker (level 6, -12/40 HPs)
             Began as a Djinni Fire Elementalist on Nov 30, 2021.
             Was a Believer of Hepliaklqana.
             Mangled by an ogre (16 damage)
             ... on level 4 of the Dungeon.
             The game lasted 00:06:18 (2840 turns).

night the Ducker (Djinni Fire Elementalist)         Turns: 2840, Time: 00:06:19

Health: -12/40     AC:  4    Str:  9    XL:     6   Next: 7%
Gold:   109        EV: 13    Int: 16    God:    Hepliaklqana [**....] SH:  0 Dex: 14

rFire   + + .      SeeInvis .   f - +3 dagger
rCold   . . .      Faith    .   (no shield)
rNeg    . . .      Spirit   .   a - +0 robe
rPois   ∞          Reflect  .   m - +1 helmet
rElec   .          Harm     .   (no cloak)
rCorr   .          Rampage  .   (no gloves)
Will    .....                   (boots unavailable)
Stlth   ++........              e - amulet of regeneration
HPRegen 0.93/turn               k - ring of protection from cold
MPRegen 0.00/turn               (no ring)

@: flying, very slightly contaminated, studying Axes
A: reduced essence, sickness immunity, fire resistance 2, cold vulnerability 1,
float, innate caster, hp casting, extra vitality 1
a: Renounce Religion, Recall Ancestor, Ancestor Identity


You were on level 4 of the Dungeon.
You worshipped Hepliaklqana.
Hepliaklqana was pleased with you.
You visited 1 branch of the dungeon, and saw 4 of its levels.

You collected 109 gold pieces.

Inventory:

Hand Weapons
 f - a +3 dagger (weapon)
Missiles
 c - 4 javelins
 d - 26 arrows
 g - 26 bolts
 h - 40 stones
 j - 5 curare-tipped darts
 l - 5 boomerangs
Armour
 a - a +0 robe (worn)
 m - a +1 helmet (worn)
Jewellery
 e - an amulet of regeneration (around neck)
 k - a ring of protection from cold (left hand)
Scrolls
 i - a scroll of identify
 n - a scroll of blinking {unknown}
Potions
 b - 3 potions of curing


   Skills:
 + Level 2.4 Fighting
 + Level 2.4 Armour
 + Level 3.7 Dodging
 - Level 1.5 Stealth
 + Level 3.1 Spellcasting


You couldn't memorise any spells.
You knew the following spells:

 Your Spells              Type           Power      Damage    Failure   Level
a - Foxfire               Conj/Fire      48%        2x1d6     4%          1
b - Scorch                Fire           24%        2d6       8%          2
c - Conjure Flame         Conj/Fire      12%        6-21      16%         3
d - Inner Flame           Hex/Fire       12%        N/A       16%         3
e - Flame Wave            Conj/Fire      12%        2d5       45%         4
f - Beastly Appendage     Tmut           24%        N/A       4%          1
g - Poisonous Vapours     Pois/Air       24%        N/A       8%          2
Your spell library was empty.

Dungeon Overview and Level Annotations

Branches:
Dungeon (4/15)
 Temple: D:4-7

Altars:
Hepliaklqana
Wu Jian


Innate Abilities, Weirdness & Mutations

Your life essence is reduced to manifest your ancestor. (-10% HP)
You are immune to sickness and miasma.
You are immune to poison.
Your flesh is very heat resistant. (rF++)
You are vulnerable to cold. (rC-)
You float through the air rather than walking.
You learn spells naturally, not from books.
Your magical power is your life essence.
You have superior vitality. (+4 HP)


Message History

Confirm with . or Enter, or press ? or * to list all spells.
Flames lash the worm.
The worm is burned terribly!
You kill the worm!
Unknown command.
Casting: Scorch (safe; 8% risk of failure)
Confirm with . or Enter, or press ? or * to list all spells.
Flames lash the ogre.
The ogre is moderately wounded.
The ogre's fire resistance burns away.
The ogre hits Tepiltzin with a +0 giant spiked club!!
Tepiltzin is destroyed!
Unknown command.
Casting: Scorch (safe; 8% risk of failure)
Confirm with . or Enter, or press ? or * to list all spells.
You miscast Scorch.
You are very lightly contaminated with residual magic.
Nothing appears to happen.
Casting: Scorch (safe; 8% risk of failure)
Confirm with . or Enter, or press ? or * to list all spells.
Flames lash the ogre.
The ogre is burned terribly!
The ogre is moderately wounded.
Unknown command.
Casting: Scorch (safe; 8% risk of failure)
Confirm with . or Enter, or press ? or * to list all spells.
Flames lash the ogre.
The ogre is burned terribly!
The ogre is severely wounded.
The ogre hits you with a +0 giant spiked club!!
Ouch! That really hurt!
* * * LOW HITPOINT WARNING * * *
Unknown command.
Found 4 gold pieces.
The ogre is no longer more vulnerable to fire.
Casting: Scorch (safe; 8% risk of failure)
Confirm with . or Enter, or press ? or * to list all spells.
Flames lash the ogre.
The ogre is almost dead.
The ogre's fire resistance burns away.
* * * LOW HITPOINT WARNING * * *
The ogre hits you with a +0 giant spiked club!
You die...

.. .## .. .#
##.# #####
###..#
......#...####
#...[@O<..†#
#......####....#
#..##$.. .#. .$.
...### . .### #


You could see an ogre (combustible).

Vanquished Creatures
  A water moccasin zombie (D:3)
  A gnoll (D:3)
  2 adders (D:2)
  3 worms
  2 dart slugs (D:1)
  2 orcs (D:3)
  5 endoplasms
  A giant cockroach (D:3)
  6 goblins
  3 hobgoblins
  7 jackals
  10 kobolds
  4 quokkas
  4 ball pythons
  6 bats (D:1)
  2 frilled lizards
  8 rats
67 creatures vanquished.

Vanquished Creatures (collateral kills)
  2 gnolls (D:3)
  An adder (D:3)
  An orc (D:3)
  A ball python (D:2)
  A goblin (D:3)
6 creatures vanquished.

Vanquished Creatures (others)
  A hexer (D:4)
  49 foxfires
  5 plants (D:1)
55 creatures vanquished.

Grand Total: 128 creatures vanquished

Notes
Turn   | Place    | Note
-------+----------+-------------------------------------------
     0 | D:1      | night the Djinni Fire Elementalist began the quest for the
                  | Orb.
     0 | D:1      | Reached XP level 1. HP: 15/15 MP: 0/0
   174 | D:1      | Reached XP level 2. HP: 20/22 MP: 0/0
   941 | D:1      | Reached skill level 1 in Fighting
   941 | D:1      | Reached skill level 1 in Armour
   941 | D:1      | Reached XP level 3. HP: 24/27 MP: 0/0
   941 | D:1      | Learned a level 1 spell: Beastly Appendage
  1270 | D:1      | Found a faded altar of an unknown god.
  1603 | D:1      | Prayed at the altar of an unknown god.
  1603 | D:1      | Became a worshipper of Hepliaklqana the Forgotten
  1603 | D:1      | Reached * piety under Hepliaklqana
  1729 | D:2      | Reached XP level 4. HP: 28/28 MP: 0/0
  2129 | D:3      | Identified a scroll of acquirement
  2129 | D:3      | Acquired a manual of Axes
  2201 | D:3      | Reached ** piety under Hepliaklqana
  2202 | D:3      | Remembered your ancestor Tepiltzin as a hexer
  2261 | D:3      | Reached skill level 2 in Fighting
  2261 | D:3      | Reached skill level 2 in Armour
  2261 | D:3      | Reached XP level 5. HP: 31/34 MP: 0/0
  2261 | D:3      | Learned a level 2 spell: Poisonous Vapours
  2518 | D:3      | Reached XP level 6. HP: 39/39 MP: 0/0
  2550 | D:3      | Found an ornate altar of the Wu Jian Council.
  2831 | D:4      | Noticed an ogre
  2837 | D:4      | HP: 3/40 [ogre (31)]
  2840 | D:4      | Mangled by an ogre

Illustrated notes

Levels and vault maps discovered:
D:1:      dpeg_arrival_ratfight, layout_basic, serial_forest,
          infiniplex_forest_straight_1, infiniplex_forest_clump_C,
          infiniplex_forest_clump_large, infiniplex_forest_clump_curved,
          infiniplex_forest_clump_tiny, infiniplex_forest_clump_double,
          infiniplex_forest_straight_5, dilly_ecumenical_altar_fadedgnrine,
          interstate_on_off, hangedman_decor_slide_cut, kennysheep_flooded_box,
          supply_closet_lemuel
D:2:      layout_rooms, kennysheep_generic_room_6
D:3:      layout_basic, mainiacjoe_overflow_concentric_impassable,
          grunt_decor_mini_mirrors
D:4:      cheibrodos_greedy_goblins, layout_rooms, nemelex_dance_club_becter

Skill      XL: |  1  2  3  4 |
---------------+-------------+-----
Fighting       | 1 2 |  2.4
Armour         | 1 2 |  2.4
Dodging        | 3 |  3.7
Spellcasting   | 3 |  3.1
Stealth        | |  1.5

Action                   |  1- 3 |  4- 6 || total
-------------------------+-------+-------++-------
Melee: Dagger            |    17 |    37 ||    54
 Cast: Foxfire           |    25 |     7 ||    32
       Scorch            |    18 |    28 ||    46
       Flame Wave        |       |     1 ||     1
Invok: Ancestor Life: He |       |     1 ||     1
  Use: Scroll            |       |     4 ||     4
 Stab: Sleeping          |     1 |       ||     1
Armor: Robe              |    12 |    12 ||    24
Dodge: Dodged            |    21 |    20 ||    41

Table legend: (Time is in decaauts)
 A = Elapsed time spent in this place.
 B = Non-inter-level travel time spent in this place.
 C = Inter-level travel time spent in this place.
 D = Time resting spent in this place.
 E = Time spent auto-exploring this place.
 F = Levels seen in this place.
 G = Mean time per level.
                   A        B        C        D        E       F      G
               +--------+--------+--------+--------+--------+-----+--------+
         Total |   2837 |   2775 |     62 |      3 |   2331 |   4 |  709.2 |
       Dungeon |   2837 |   2775 |     62 |      3 |   2331 |   4 |  709.2 |
               +--------+--------+--------+--------+--------+-----+--------+

Top non-repeatable levels by time:
     D:1: 1630 daAuts
     D:3: 736 daAuts
     D:2: 462 daAuts
     D:4: 8 daAuts
